Map: Proxima Station LE

Players

Tweek

  • Race: Zerg Zerg
  • League: Diamond
  • Spawn Location: 1:00

FLORENCIO - Winner!

  • Race: Protoss Protoss
  • League: Diamond
  • Spawn Location: 7:00

VOD

Have the link to the VOD?

Description

Time

  • Played on: May 17, 2017, 10:20 p.m.
  • Length: 16:39
Show
View Real Time Build Order
Export as new Build Order

Tweek Zerg 

Build Orders: Hatch First 

Get SALT Encoding   

  12  0:01  Drone  
  13  0:12  Overlord  
  13  0:18  Drone  
  14  0:31  Drone x2  
  14  0:35  Drone  
  17  0:55  Hatchery  
  16  1:05  Extractor  
  16  1:10  Spawning Pool  
  14  1:14  Drone  
  14  1:18  Drone  
  16  1:22  Drone  
  17  1:28  Drone  
  18  1:36  Drone  
  19  1:46  Overlord  
  19  2:02  Hatchery  
  19  2:06  Drone  
  19  2:25  Zergling x4  
  19  2:26  Metabolic Boost  
  21  2:36  Baneling Nest  
  20  2:38  Drone  
  20  2:39  Spine Crawler  
  20  2:40  Drone  
  21  2:49  Queen  
  23  3:01  Overlord  
  23  3:17  Extractor, Drone x2  
  23  3:18  Evolution Chamber, Drone  
  24  3:53  Pneumatized Carapace  
  24  3:54  Overlord x3  
  24  4:21  Zergling x8  
  24  4:23  Zerg Melee Weapons Level 1  
  28  4:27  Drone  
  29  4:34  Drone x2  
  29  4:35  Hatchery  
  30  4:40  Spore Crawler  
  30  4:41  Drone  
  30  5:01  Baneling x6  
  30  5:02  Baneling x4  
  30  5:03  Baneling  
  30  5:24  Zergling x2  
  30  5:25  Zergling x4  
  33  5:43  Zergling x2  
  33  5:48  Zergling x2  
  36  5:50  Zergling x2  
  32  6:35  Drone  
  32  6:36  Drone x8  
  41  6:42  Roach Warren  
  40  6:48  Queen  
  42  6:55  Baneling  
  42  6:56  Baneling x4  
  42  7:01  Zerg Missile Weapons Level 1  
  42  7:04  Drone  
  43  7:17  Overlord x2  
  35  7:53  Roach x4  
  35  7:54  Roach x5  
  35  7:57  Lair  
  35  7:58  Spore Crawler  
  52  8:10  Spine Crawler  
  52  8:11  Spine Crawler  
  50  8:18  Roach  
  50  8:19  Roach x5  
  56  8:39  Spore Crawler  
  46  8:59  Hydralisk Den, Overlord  
  41  9:03  Drone  
  41  9:04  Drone x8  
  46  9:12  Drone x2  
  48  9:18  Zerg Missile Weapons Level 2  
  48  9:19  Spore Crawler  
  48  9:21  Glial Reconstitution  
  48  9:24  Burrow  
  46  9:33  Ravager x2  
  46  9:34  Ravager x2  
  50  9:42  Drone  
  43  9:55  Drone x3  
  43  9:56  Extractor  
  43  9:58  Extractor  
  43  10:01  Overlord x5  
  42  10:13  Queen  
  44  10:35  Hydralisk x3  
  41  10:39  Drone x2  
  48  10:44  Drone  
  44  10:53  Drone  
  43  11:18  Drone  
  43  11:19  Drone x2  
  46  11:29  Spore Crawler  
  45  11:35  Zergling x2  
  46  11:46  Drone x2  
  41  12:07  Drone x2  
  43  12:13  Hydralisk x3, Spore Crawler  
  41  12:18  Roach x3  
  41  12:21  Drone  
  42  12:33  Drone  
  42  12:34  Drone  
  35  12:47  Hydralisk x3  
  35  12:51  Roach x3  
  35  13:05  Drone x5  
  18  13:26  Drone x3  
  19  13:37  Hydralisk  
  19  13:40  Drone x2  
  16  13:49  Drone x2  
  16  14:07  Overlord  
  16  14:13  Overlord  
  9  14:25  Drone x2  
  5  14:46  Drone  
  3  14:53  Drone x3  
  6  15:16  Drone  
  7  15:39  Drone x2  
  9  15:47  Drone  
  10  15:52  Drone  
  11  16:01  Hydralisk  
Show
View Real Time Build Order
Export as new Build Order

FLORENCIO Protoss - Winner!

Build Orders:  

Get SALT Encoding   

  12  0:02  Probe (Chrono Boost)  
  13  0:12  Probe (Chrono Boost)  
  14  0:23  Probe (Chrono Boost)  
  14  0:24  Pylon  
  15  0:42  Probe (Chrono Boost), Forge  
  16  0:53  Probe (Chrono Boost)  
  17  1:03  Probe (Chrono Boost)  
  18  1:14  Probe (Chrono Boost)  
  19  1:20  Pylon  
  19  1:23  Assimilator  
  19  1:26  Assimilator  
  19  1:35  Gateway  
  19  1:42  Photon Cannon  
  19  1:44  Photon Cannon  
  19  1:48  Probe (Chrono Boost)  
  20  1:58  Probe (Chrono Boost)  
  21  2:11  Pylon  
  21  2:12  Probe (Chrono Boost)  
  23  2:23  Probe (Chrono Boost)  
  23  2:31  Photon Cannon  
  23  2:32  Photon Cannon  
  23  2:42  Probe (Chrono Boost)  
  24  2:50  Photon Cannon  
  24  2:53  Photon Cannon  
  24  3:00  Photon Cannon  
  24  3:10  Photon Cannon  
  25  3:37  Nexus  
  23  3:44  Pylon  
  22  4:05  Nexus  
  22  4:06  Pylon  
  22  4:13  Assimilator  
  22  4:15  Assimilator  
  22  4:16  Probe (Chrono Boost)  
  23  4:28  Pylon  
  23  4:36  Cybernetics Core  
  23  4:41  Photon Cannon  
  23  4:51  Probe (Chrono Boost)  
  24  4:59  Pylon  
  24  5:04  Probe (Chrono Boost)  
  25  5:10  Photon Cannon  
  25  5:15  Probe (Chrono Boost)  
  25  5:19  Probe (Chrono Boost)  
  25  5:20  Stalker  
  29  5:25  Probe (Chrono Boost)  
  30  5:35  Stargate  
  30  5:39  Stargate  
  30  5:42  Probe (Chrono Boost)  
  31  5:53  Stargate  
  31  6:00  Mothership Core (Chrono Boost)  
  33  6:04  Probe (Chrono Boost)  
  31  6:29  Probe (Chrono Boost)  
  32  6:39  Probe (Chrono Boost)  
  33  6:46  Phoenix x2  
  37  6:50  Probe x2 (Chrono Boost)  
  39  7:00  Probe (Chrono Boost)  
  39  7:01  Probe (Chrono Boost)  
  41  7:05  Phoenix  
  43  7:11  Probe (Chrono Boost)  
  44  7:15  Phoenix  
  44  7:19  Phoenix  
  48  7:32  Phoenix  
  50  7:40  Phoenix  
  46  7:57  Phoenix x2, Pylon x2  
  50  8:04  Probe (Chrono Boost)  
  51  8:07  Probe (Chrono Boost)  
  52  8:15  Probe (Chrono Boost)  
  52  8:18  Probe (Chrono Boost)  
  54  8:25  Probe (Chrono Boost)  
  55  8:28  Probe (Chrono Boost)  
  56  8:38  Phoenix x3  
  56  8:39  Probe (Chrono Boost)  
  63  9:03  Phoenix x3  
  69  9:28  Phoenix x3  
  77  10:13  Probe (Chrono Boost)  
  74  10:20  Fleet Beacon  
  72  11:04  Carrier x2  
  84  11:17  Pylon  
  84  11:19  Pylon  
  84  11:21  Pylon  
  84  11:23  Pylon  
  84  11:32  Stargate x2  
  84  11:34  Carrier  
  86  12:02  Photon Cannon  
  86  12:05  Graviton Catapult  
  86  12:06  Photon Cannon  
  86  12:08  Photon Cannon  
  83  13:05  Photon Cannon  
  83  13:06  Photon Cannon  
  83  13:08  Photon Cannon  
  83  13:09  Photon Cannon  
  83  13:11  Photon Cannon  
  83  13:28  Carrier  
  89  13:39  Pylon  
  89  13:41  Pylon  
  89  13:43  Pylon  
  89  13:44  Pylon  
  89  13:45  Carrier  
  91  13:56  Carrier  
  91  13:57  Carrier  
  101  14:25  Carrier  
  87  15:02  Carrier  
  93  15:46  Nexus  
  93  16:10  Nexus  
Tags
 
Add a new tag
Caveats
  • Supply blocks, unpowered buildings, or Contaminate may cause inaccurate times.
  • Supply counts are checked every 10 seconds.